 Dungeon Crawl Stone Soup version 0.18.1-8-gdd0e5ea (webtiles) character file.

22096 tyrsky the Tortoise (level 12, -2/112 HPs)
             Began as a Minotaur Gladiator on May 29, 2016.
             Was a High Priest of Okawaru.
             Slain by a black mamba (11 damage)
             ... on level 6 of the Lair of Beasts.
             The game lasted 00:35:47 (12969 turns).

tyrsky the Tortoise (Minotaur Gladiator)           Turns: 12969, Time: 00:35:48

Health: -2/112     AC: 17    Str: 26    XL:     12   Next: 60%
Magic:  2/2        EV: 12    Int: 18    God:    Okawaru [*****.]
Gold:   731        SH:  0    Dex: 17    Spells: 0 memorised, 11 levels left

rFire  + + .     SeeInvis .     a - +0 quarterstaff
rCold  . . .     Gourm    .     R - +0 scale mail "Rotoga" {MR+ MP-9 Str+3 Int+7}
rNeg   . . .     Faith    .     (shield currently unavailable)
rPois  .         Spirit   .     o - +0 hat {MR+}
rElec  .         Dismiss  .     B - +2 cloak of Zin's Wrath {Str+2}
rCorr  .         Reflect  .     m - +0 pair of gloves
SustAt .         Harm     .     h - +0 pair of boots
MR     ++...                    (no amulet)
Stlth  ..........               M - ring "Aseophai" {rF++ Int+6 Dex-2}
                                O - +4 ring of dexterity

@: about to teleport, very resistant to hostile enchantments, extremely
unstealthy
A: retaliatory headbutt, horns 2
a: Heroism, Finesse, Renounce Religion


You were on level 6 of the Lair of Beasts.
You worshipped Okawaru.
Okawaru was extremely pleased with you.
You were hungry.

You visited 3 branches of the dungeon, and saw 15 of its levels.
You also visited: Sewer.

You collected 731 gold pieces.

Inventory:

Hand Weapons
 a - a +0 quarterstaff (weapon)
Armour
 b - a +0 leather armour
 c - a +1 hat
 d - a +0 plate armour
 h - a +0 pair of boots (worn)
 m - a +0 pair of gloves (worn)
 o - a +0 hat of magic resistance (worn)
 B - the +2 cloak of Zin's Wrath (worn) {Str+2}
   (You found it on level 3 of the Lair of Beasts)

   It affects your strength (+2).
 R - the +0 scale mail "Rotoga" (worn) {MR+ MP-9 Str+3 Int+7}
   (Okawaru gifted it to you on level 5 of the Lair of Beasts)

   It affects your strength (+3).
   It affects your intelligence (+7).
   It affects your resistance to hostile enchantments.
   It affects your magic capacity (-9).
Jewellery
 g - an uncursed ring of loudness
 i - an uncursed ring of protection from magic
 M - the ring "Aseophai" (right hand) {rF++ Int+6 Dex-2}
   (You found it on level 4 of the Lair of Beasts)

   [ring of intelligence]

   It affects your intelligence (+6).
   It affects your dexterity (-2).
   It greatly protects you from fire.
 O - a +4 ring of dexterity (left hand)
Wands
 w - a wand of acid (4/15)
 J - a wand of lightning (8/15)
 N - a wand of slowing (14/48)
 Q - a wand of slowing (23/48)
Scrolls
 j - 3 scrolls of enchant armour
 l - 5 scrolls of teleportation
 p - 2 scrolls of recharging
 r - a scroll of immolation
 v - 4 scrolls of remove curse
 y - 2 scrolls of blinking {unknown}
 C - a scroll of fog {unknown}
 D - 2 scrolls of random uselessness {unknown}
 F - a scroll of holy word {unknown}
 G - 5 scrolls of identify {@*1}
 H - a scroll of enchant weapon {unknown}
 K - 2 scrolls of noise {unknown}
Potions
 e - a potion of degeneration
 k - a potion of cancellation
 n - a potion of magic
 x - 4 potions of flight
 z - 2 potions of agility
Books
 I - a book of Unlife

   Spells                             Type                      Level
   a - Recall                         Summoning/Translocation      3
   b - Animate Dead                   Necromancy                   4
   c - Control Undead                 Necromancy                   4
   d - Cigotuvi's Embrace             Necromancy                   5
   e - Death Channel                  Necromancy                   6
   f - Simulacrum                     Ice/Necromancy               6
 P - a book of Ice

   Spells                             Type                      Level
   a - Ice Form                       Ice/Transmutation            4
   b - Metabolic Englaciation         Hexes/Ice                    5
   c - Ozocubu's Refrigeration        Ice                          6
   d - Bolt of Cold                   Conjuration/Ice              6
   e - Freezing Cloud                 Conjuration/Ice/Air          6
   f - Simulacrum                     Ice/Necromancy               6
Comestibles
 f - 9 bread rations
 s - 12 fruits
 t - 8 beef jerkies
 E - 4 meat rations


   Skills:
 + Level 12.1 Fighting
 - Level 14.0 Staves
 - Level 2.0 Throwing
 * Level 16.3 Armour
 - Level 3.2 Dodging


You had 11 spell levels left.
You didn't know any spells.

Dungeon Overview and Level Annotations

Branches:
Dungeon (8/15)             Temple (1/1) D:7            Lair (6/8) D:8
  Swamp (0/4) Lair:3       Spider (0/4) Lair:3
  Slime: Lair:6-8

Altars:
Ashenzari
Cheibriados
Dithmenos
Elyvilon
Fedhas
Gozag
Kikubaaqudgha
Makhleb
Nemelex Xobeh
Okawaru
Pakellas
Qazlal
Ru
Sif Muna
Trog
Vehumet
Xom
Yredelemnul
Zin
The Shining One

Portals:
Ice
Cave: Lair:6

Annotations:
Lair:1 Joseph; tyrsky's ghost, novice MiGl
Lair:2 exclusion: oklob plant


Innate Abilities, Weirdness & Mutations

You reflexively headbutt those who attack you in melee.
You have a pair of horns on your head.


Message History

Unknown command.
Unknown command.
Unknown command.
Drink which item? (? for menu, Esc to quit)
Okay, then.
Unknown command.
Unknown command.
Read which item? (? for menu, Esc to quit)
As you read the scroll labeled BAROGRUICI, it crumbles to dust.
You feel strangely unstable.
It was a scroll of teleportation.
The black mamba misses you. The water moccasin barely misses you.
You furiously retaliate!
You headbutt the water moccasin! The komodo dragon bites you.
* * * LOW HITPOINT WARNING * * *
The black mamba bites you!
* * * LOW HITPOINT WARNING * * *
The water moccasin bites you but does no damage.
You don't know any spells.
The black mamba bites you!
You die...

#.P.##.......>,,,**,*,*,,,*,,
##...#...###..P...#.,,*,,*,*, ***
#...#...##*#.......#*,,,,**,
*,**###...†...# #........#,,,,*,,
*,,*#P.......†###.........*,,,,,,
*,,.....P......##.#......#,,,,,,*
,,,...........#.#....P..##,,*,*,,
,,,.##.........#.S........,,**,,,
*,***#####......HS.......P*,,,*,,
*** #...#..l...P.....,,,,,,, *
##..##.#..###.#.*,,,,,,, **
###...####...#,*****,,,,,, ,*
##.....#.##..##** *,,,,,, **
##.#...#.#...## **,,,,,,
#.............# *,,,,*,, *
#..........#..#******,,,*,,* *
#.#........##..P#*,*******,,


You could see a komodo dragon, a black mamba and a water moccasin.

Vanquished Creatures
  Gastronok (Lair:1)
  A hydra (Lair:4)
  12 elephants
  A griffon (Lair:2)
  4 black mambas
  6 spiny frogs
  2 rime drakes
  A komodo dragon (Lair:3)
  3 jumping spiders (Lair:3)
  2 polar bears (Lair:4)
  5 redbacks (Lair:3)
  18 yaks
  2 basilisks
  8 hippogriffs
  10 water moccasins
  3 porcupines
  A wasp (D:8)
  2 sky beasts
  A necrophage (D:8)
  2 black bears
  3 ogres
  A centaur (D:8)
  The ghost of daning the Charmwright, an amateur HESk of Okawaru (D:5)
  3 big kobolds (Sewer)
  6 crocodiles
  13 giant frogs
  A scorpion (D:4)
  3 killer bees
  2 howler monkeys
  4 wights (D:4)
  An electric eel (Lair:5)
  A crimson imp (D:7)
  A jelly (D:7)
  A centaur skeleton (D:4)
  A giant frog skeleton (D:8)
  4 orc priests
  A hound (D:2)
  Jessica (D:3)
  5 iguanas
  5 orc wizards
  3 worker ants
  7 sheep (Lair:3)
  A hound skeleton (D:8)
  8 adders
  4 gnolls (D:2)
  60 river rats
  2 adder zombies (D:5)
  6 worms
  2 dart slugs (D:1)
  2 giant geckos
  28 orcs
  7 ball pythons
  8 bats
  7 giant cockroaches
  6 goblins
  4 hobgoblins
  8 jackals (D:1)
  20 kobolds
  2 quokkas
  2 giant newts
  17 rats
347 creatures vanquished.

Vanquished Creatures (others)
  4 fungi
4 creatures vanquished.

Grand Total: 351 creatures vanquished

Notes
Turn   | Place    | Note
--------------------------------------------------------------
     0 | D:1      | tyrsky the Minotaur Gladiator began the quest for the Orb.
     0 | D:1      | Reached XP level 1. HP: 18/18 MP: 0/0
   130 | D:1      | Reached XP level 2. HP: 21/25 MP: 1/1
   149 | D:1      | Reached skill level 1 in Armour
   482 | D:1      | Reached XP level 3. HP: 30/30 MP: 2/2
   642 | D:2      | Reached skill level 2 in Armour
   798 | D:2      | Found a burning altar of Makhleb.
   804 | D:2      | Reached XP level 4. HP: 37/38 MP: 3/3
   858 | D:2      | Found a shattered altar of Ashenzari.
   862 | D:2      | Saw a vision of the Swamp and the Spider Nest.
   862 | D:2      | Noticed a swamp drake
   862 | D:2      | Noticed a swamp drake
   862 | D:2      | Noticed a redback
   862 | D:2      | Noticed an alligator
   862 | D:2      | Noticed an alligator
   862 | D:2      | Noticed a wolf spider
   862 | D:2      | Noticed a redback
   862 | D:2      | Noticed a redback
   863 | D:2      | Noticed a wolf spider
   864 | D:2      | Noticed a wolf spider
   865 | D:2      | Noticed a redback
   989 | D:2      | Reached skill level 5 in Staves
  1095 | D:2      | Reached skill level 3 in Armour
  1126 | D:2      | Reached XP level 5. HP: 45/45 MP: 4/4
  1306 | D:3      | Noticed Jessica
  1334 | D:3      | Killed Jessica
  1543 | D:3      | Found an ancient bone altar of Kikubaaqudgha.
  1744 | D:3      | Reached skill level 4 in Armour
  2015 | D:3      | Reached XP level 6. HP: 49/52 MP: 5/5
  2697 | D:4      | Reached skill level 5 in Armour
  2964 | D:4      | Reached XP level 7. HP: 59/60 MP: 6/6
  3460 | D:4      | Reached skill level 6 in Armour
  3581 | D:5      | Entered Level 5 of the Dungeon
  3671 | D:5      | Reached skill level 5 in Fighting
  3672 | D:5      | Noticed daning's ghost (amateur HESk)
  3686 | D:5      | Killed daning's ghost
  3799 | D:5      | Found a glowing drain.
  3803 | Sewer    | Entered a sewer
  3912 | Sewer    | Reached XP level 8. HP: 61/68 MP: 7/7
  4001 | Sewer    | Reached skill level 7 in Armour
  4514 | D:6      | Found a shadowy altar of Dithmenos.
  4698 | D:6      | Reached skill level 8 in Armour
  5237 | D:7      | Found a stormy altar of Qazlal.
  5323 | D:7      | Found a staircase to the Ecumenical Temple.
  5331 | Temple   | Entered the Ecumenical Temple
  5565 | D:7      | Reached XP level 9. HP: 64/78 MP: 8/8
  5870 | D:8      | Reached skill level 9 in Armour
  5918 | D:8      | Reached skill level 10 in Staves
  5965 | D:8      | Found a deep blue altar of Sif Muna.
  6007 | D:8      | Found an oddly glowing altar of Pakellas.
  6008 | D:8      | Found a sacrificial altar of Ru.
  6010 | D:8      | Found an iron altar of Okawaru.
  6017 | D:8      | Found a shimmering altar of Xom.
  6022 | D:8      | Became a worshipper of Warmaster Okawaru
  6248 | D:8      | Found a staircase to the Lair.
  6406 | Lair:1   | Entered Level 1 of the Lair of Beasts
  6410 | Lair:1   | Reached skill level 10 in Armour
  6517 | Lair:1   | Reached * piety under Okawaru
  6519 | Lair:1   | Noticed Gastronok
  6601 | Lair:1   | Killed Gastronok
  6601 | Lair:1   | Reached ** piety under Okawaru
  6601 | Lair:1   | Reached skill level 11 in Armour
  6601 | Lair:1   | Reached XP level 10. HP: 65/90 MP: 6/9
  6633 | Lair:1   | Noticed tyrsky's ghost (novice MiGl)
  6712 | Lair:1   | Noticed a spiny frog
  6713 | Lair:1   | Noticed Joseph
  6740 | Lair:2   | Killed a spiny frog
  6740 | Lair:2   | Reached *** piety under Okawaru
  7329 | Lair:2   | Found a blossoming altar of Fedhas.
  7342 | Lair:2   | Noticed an oklob plant
  7517 | Lair:2   | Reached skill level 12 in Armour
  7780 | Lair:3   | Noticed a griffon
  7814 | Lair:2   | Reached **** piety under Okawaru
  7826 | Lair:2   | Killed a griffon
  8065 | Lair:3   | Noticed a spiny frog
  8075 | Lair:3   | Killed a spiny frog
  8078 | Lair:3   | Reached XP level 11. HP: 82/97 MP: 10/10
  8363 | Lair:3   | Found a staircase to the Swamp.
  9157 | Lair:3   | Reached ***** piety under Okawaru
  9157 | Lair:3   | Received a gift from Okawaru
  9157 | Lair:3   | Reached skill level 13 in Armour
  9650 | Lair:3   | Found a hole to the Spider Nest.
  9928 | Lair:3   | Got a distressingly furry cloak
 10096 | Lair:3   | Identified the +2 cloak of Zin's Wrath {Str+2} (You found it on level 3 of the Lair of Beasts)
 10239 | Lair:4   | Reached skill level 10 in Fighting
 10773 | Lair:4   | Reached skill level 14 in Armour
 10947 | Lair:4   | Received a gift from Okawaru
 11069 | Lair:4   | Got a twitching lead ring
 11070 | Lair:4   | Identified the ring "Aseophai" {rF++ Int+6 Dex-2} (You found it on level 4 of the Lair of Beasts)
 11268 | Lair:4   | Noticed a six-headed hydra
 11282 | Lair:4   | Killed a six-headed hydra
 11590 | Lair:5   | Reached XP level 12. HP: 66/108 MP: 11/11
 11800 | Lair:5   | Received a gift from Okawaru
 11801 | Lair:5   | Got a brightly glowing scale mail {god gift}
 11812 | Lair:5   | Identified the +0 scale mail "Rotoga" {MR+ MP-9 Str+3 Int+7} (Okawaru gifted it to you on level 5 of the Lair of Beasts)
 11880 | Lair:5   | Reached skill level 15 in Armour
 12802 | Lair:6   | Reached skill level 16 in Armour
 12940 | Lair:6   | Found a frozen archway.
 12940 | Lair:6   | Noticed an ice dragon
 12969 | Lair:6   | Slain by a black mamba

Skill      XL: |  1  2  3  4  5  6  7  8  9 10 11 12 |
---------------+-------------------------------------+-----
Staves         | 4 5 6 8 9 11 13 14 | 14.0
Armour         | 1 2 3 4 5 6 8 11 12 14 16 | 16.3
Fighting       | 3 4 5 6 8 9 10 12 | 12.1
Throwing       | |  2.0
Dodging        | |  3.2

Action                   |  1- 3 |  4- 6 |  7- 9 | 10-12 || total
-------------------------+-------+-------+-------+-------++-------
Melee: Quarterstaff      |    46 |   144 |   403 |   673 ||  1266
       Headbutt          |    10 |    26 |    86 |   170 ||   292
Throw: Throwing net      |    19 |    14 |     2 |       ||    35
       Tomahawk          |       |       |    14 |       ||    14
Invok: Heroism           |       |       |     1 |     5 ||     6
  Use: Scroll            |       |       |    16 |     3 ||    19
       Potion            |       |       |     1 |    12 ||    13
 Stab: Held in net/web   |     4 |       |       |       ||     4
  Eat: Chunk             |       |     4 |    10 |    15 ||    29
       Bread ration      |       |     1 |       |       ||     1
       Royal jelly       |       |       |       |     2 ||     2
       Pizza             |       |       |       |     1 ||     1
Armor: Leather armour    |     5 |    53 |     6 |       ||    64
       Plate armour      |       |       |   221 |   237 ||   458
       Skin              |       |       |       |    87 ||    87
       Scale mail        |       |       |       |    65 ||    65
Dodge: Dodged            |    25 |    74 |   183 |   283 ||   565
